 Dungeon Sprint DCSS version 0.20.0-14-g326068f (webtiles) character file.

408 Snowbourne the Unseen (level 6, -4/28 HPs)
             Began as a Spriggan Enchanter on June 8, 2017.
             Was an Initiate of Dithmenos.
             Slain by a human (12 damage)
             ... in the Dungeon (Sprint III: "The Ten Rune Challenge").
             The game lasted 00:02:05 (276 turns).

Snowbourne the Unseen (Spriggan Enchanter)           Turns: 276, Time: 00:02:06

Health: -4/28      AC:  2    Str:  4    XL:     6   Next: 57%
Magic:  2/11       EV: 18    Int: 16    God:    Dithmenos [......]
Gold:   22         SH:  0    Dex: 19    Spells: 1/10 levels left

rFire    . . .     SeeInvis +   a - +1 dagger
rCold    . . .     Gourm    .   (shield restricted)
rNeg     . . .     Faith    .   b - +0 robe
rPois    .         Spirit   .   (helmet restricted)
rElec    .         Reflect  .   (no cloak)
rCorr    .         Harm     .   (gloves unavailable)
MR       +....     Rnd*Rage +   (boots unavailable) Stlth +++++++...NoTele +
                                (no amulet)
Regen    0.1/turn               (no ring)
MPRegen  0.2/turn               (no ring)

@: very quick
A: unfitting armour, see invisible, berserk 1, herbivore 3, speed 3, slow
metabolism 2
a: Renounce Religion


You were in the Dungeon.
You worshipped Dithmenos.
Dithmenos was noncommittal.
You were not hungry.

You visited 1 branch You collected 22 gold pieces.

Inventory:

Hand Weapons
 a - a +1 dagger (weapon)
Armour
 b - a +0 robe (worn)
Wands
 r - a wand of flame (37/48)
Scrolls
 i - a scroll of holy word {unknown}
 j - a scroll of blinking
 k - 3 scrolls of identify
 l - a scroll of immolation {unknown}
 o - a scroll of torment {unknown}
 p - a scroll of random uselessness {unknown}
Potions
 e - a potion of curing
 f - 3 potions of heal wounds
 g - a potion of haste
 h - 2 potions of magic
 n - a potion of flight {unknown}
Books
 c - a book of Maledictions

   Spells                             Type                      Level
   a - Corona                         Hexes                        1
   b - Ensorcelled Hibernation        Hexes/Ice                    2
   c - Confuse                        Hexes                        3
   d - Tukima's Dance                 Hexes                        3
   e - Dazzling Spray                 Conjuration/Hexes            3
Comestibles
 d - a bread ration
 m - a royal jelly
 q - 2 fruits


   Skills:
 - Level 1.1 Short Blades
 - Level 3.0 Dodging
 * Level 17.0 Stealth
 - Level 2.6 Spellcasting
 + Level 10.4 Hexes


You had one spell level left.
You knew the following spells:

 Your Spells              Type           Power        Failure   Level  Hunger
a - Corona                Hex            #####..      1%          1    #......
b - Ensorcelled Hibernat  Hex/Ice        ###...       3%          2    ##.....
c - Confuse               Hex            #####...     1%          3    ###....
d - Dazzling Spray        Conj/Hex       ###...       7%          3    ###....


Dungeon Overview and Level Annotations

Branches:
Dungeon (1/1)

Altars:
Dithmenos
Okawaru
Ru
Trog
Uskayaw
Yredelemnul
Beogh


Innate Abilities, Weirdness & Mutations

You are very small and have problems with some larger weapons.
You are too small for most types of armour.
You have supernaturally acute eyesight. (SInv)
You are a herbivore.
You cover ground extremely quickly.
You need consume almost no food.
You tend to lose your temper in combat.


Message History

You hit the human but do no damage.
The human is lightly wounded.
The human barely misses you.
You hit the human but do no damage.
The human is lightly wounded.
The human closely misses you.
You closely miss the human.
The human is lightly wounded.
You hit the human but do no damage.
The human is lightly wounded.
The human hits you.
You completely miss the human.
The human is lightly wounded.
The human hits you.
You hit the human but do no damage.
The human is lightly wounded.
The human hits you!
* * * LOW HITPOINT WARNING * * *
The human hits you!
You die...

▓▓▓▓▓▓ ▓▓▓ .'...♣♣ ♣ ♣.#
######## .#..†.♣.♣ ♣.#
#___#__# ##....♣.♣ ♣.#
#._)#._#
.#....≈.♣♣♣♣.###+#'###'##
.#...≈≈♣.♣.♣.#..........#
(#..≈≈≈≈...♣.+.⌠........#
'#..≈≈≈≈≈≈♣..#.p@######+#
.#.≈≈≈≈≈≈....#.⌠.#
.#.≈≈≈≈≈.....#...#
.#.≈≈≈....†..#+###
##...........#
.............#
▓▓▓▓▓▓▓▓▓▓▓▓▓▓


You could see a human.

Vanquished Creatures
  A necrophage (D)
  A water elemental (D)
  A scorpion (D)
  Jessica (D)
  A necromancer (D)
  2 humans (D)
  An ooze (D)
  2 rats (D)
10 creatures vanquished.

Vanquished Creatures (others)
  2 draconian scorchers (D)
  6 hellions (D)
  A yaktaur (D)
  2 plants (D)
11 creatures vanquished.

Grand Total: 21 creatures vanquished

Notes
Turn   | Place    | Note
-------+----------+-------------------------------------------
     0 | D        | Snowbourne the Spriggan Enchanter began the quest for the Orb.
     0 | D        | Reached XP level 1. HP: 9/9 MP: 5/5
    15 | D        | Reached skill level 6 in Stealth
    77 | D        | Killed a yaktaur
   104 | D        | Noticed Jessica
   111 | D        | Killed a hellion
   112 | D        | Killed a hellion
   112 | D        | Killed a hellion
   112 | D        | Killed a hellion
   113 | D        | Killed Jessica
   113 | D        | Reached skill level 9 in Stealth
   113 | D        | Reached skill level 5 in Hexes
   113 | D        | Reached XP level 2. HP: 13/13 MP: 6/6
   113 | D        | Reached XP level 3. HP: 16/16 MP: 8/8
   114 | D        | Killed a hellion
   124 | D        | Learned a level 2 spell: Ensorcelled Hibernation
   128 | D        | Learned a level 3 spell: Confuse
   139 | D        | Killed a hellion
   151 | D        | Killed a white draconian scorcher
   163 | D        | Noticed a scorpion
   165 | D        | Killed a white draconian scorcher
   170 | D        | Killed a scorpion
   170 | D        | Reached skill level 11 in Stealth
   170 | D        | Reached XP level 4. HP: 21/21 MP: 9/9
   186 | D        | Gained mutation: Your magical capacity is low. (-10% MP) [potion of mutation]
   186 | D        | Gained mutation: Your movements are slightly less encumbered by armour. (ER -2) [potion of mutation]
   187 | D        | Lost mutation: Your movements are slightly less encumbered by armour. (ER -2) [potion of mutation]
   187 | D        | Lost mutation: Your magical capacity is low. (-10% MP) [potion of mutation]
   187 | D        | Gained mutation: Your system is resistant to poisons. (rPois) [potion of mutation]
   187 | D        | Gained mutation: You are somewhat resistant to further mutation. [potion of mutation]
   188 | D        | Lost mutation: Your system is resistant to poisons. (rPois) [potion of mutation]
   188 | D        | Lost mutation: You are somewhat resistant to further mutation. [potion of mutation]
   188 | D        | Gained mutation: You have large cloven feet. [potion of mutation]
   188 | D        | Gained mutation: Your spells are a little harder to cast, but a little more powerful. [potion of mutation]
   188 | D        | Gained mutation: Your mind is acute. (Int +2) [potion of mutation]
   189 | D        | Lost mutation: You have large cloven feet. [potion of mutation]
   189 | D        | Lost mutation: Your spells are a little harder to cast, but a little more powerful. [potion of mutation]
   189 | D        | Lost mutation: Your mind is acute. (Int +2) [potion of mutation]
   189 | D        | Gained mutation: You tend to lose your temper in combat. [potion of mutation]
   220 | D        | Noticed a water elemental
   223 | D        | Killed a water elemental
   223 | D        | Reached skill level 13 in Stealth
   223 | D        | Reached XP level 5. HP: 24/24 MP: 10/10
   229 | D        | Learned a level 3 spell: Dazzling Spray
   238 | D        | Found a shadowy altar of Dithmenos.
   238 | D        | Noticed a necrophage
   239 | D        | Found a basalt altar of Yredelemnul.
   239 | D        | Found a sacrificial altar of Ru.
   240 | D        | Killed a necrophage
   240 | D        | Reached skill level 14 in Stealth
   241 | D        | Reached skill level 15 in Stealth
   241 | D        | Reached XP level 6. HP: 28/28 MP: 11/11
   246 | D        | Became a worshipper of Dithmenos the Shadowed
   254 | D        | Found an iron altar of Okawaru.
   255 | D        | Found a roughly hewn altar of Beogh.
   255 | D        | Found a bloodstained altar of Trog.
   255 | D        | Found a hide-covered altar of Uskayaw.
   255 | D        | Noticed a human
   255 | D        | Noticed a human
   260 | D        | Killed a human
   260 | D        | Reached skill level 17 in Stealth
   260 | D        | Reached skill level 10 in Hexes
   276 | D        | Slain by a human

Skill      XL: |  1  2  3  4  5  6 |
---------------+-------------------+-----
Stealth        | 9 11 13 15 17 | 17.0
Hexes          | 5 6 8 9 10 | 10.4
Short Blades   | |  1.1
Dodging        | |  3.0
Spellcasting   | |  2.6

Action                   |  1- 3 |  4- 6 || total
-------------------------+-------+-------++-------
Melee: Dagger            |    17 |    15 ||    32
 Cast: Confuse           |       |     3 ||     3
       Ensorcelled Hiber |       |     1 ||     1
  Use: Potion            |     1 |     5 ||     6
 Stab: Sleeping          |     2 |     4 ||     6
       Confused          |       |     2 ||     2
Dodge: Dodged            |    13 |     6 ||    19
